AoeStats
← Kaiser Ze

MegaRandom

509300140Analyzed
4v4 RM · 6d ago on Sep 26, 2026· 47m 8s· 8 players
Game mode
Random Map
Map size
Large (8 player)
Population
200
Speed
Normal
Resources
Standard
Victory
Conquest
Starting age
Dark Age
Ending age
Imperial Age
RankedLock teamsTeams togetherTeam positionsShared explorationLock speedFull tech treeHidden civsTurbo modeCheats
Victory
Defeat
1465
+12
🇨🇳 Franks · China
1460
+12
🇨🇳 Persians · China
1428
+13
🇨🇳 Magyars · China
1406
+14
🇱🇻 Vikings · Latvia
1467
-17
🇦🇺 Dravidians · Australia
1337
-12
🇨🇳 Italians · China
1332
-11
🇫🇷 Saxons · France
1328
-11
棒总
5:32 Loom
11:17 Feudal Age
15:39 Castle Age
13:48 Double-Bit Axe
14:49 Horse Collar
22:04 Fletching
27:24 Wheelbarrow
27:32 Padded Archer Armor
30:19 Ballistics
32:05 Stone Mining
33:09 Bodkin Arrow
35:07 Leather Archer Armor
35:51 Hand Cart
36:19 Gold Mining
37:45 Bow Saw
39:31 Stone Shaft Mining
39:10 Heavy Plow
44:20 Imperial Age
44:45 Imperial Age
43:44 Squires
43:30 Arson
44:32 Thumb Ring
46:34 Chemistry
45:36 Bracer
46:23 Crop Rotation
Baladin
4:09 Loom
12:11 Feudal Age
18:06 Castle Age
18:08 Double-Bit Axe
18:06 Horse Collar
26:51 Forging
26:34 Arson
26:49 Squires
29:13 Wheelbarrow
29:27 Scale Mail Armor
30:48 Squires
34:05 Bow Saw
39:06 Imperial Age
37:18 Iron Casting
36:59 Chain Mail Armor
40:00 Hand Cart
40:41 Plate Mail Armor
42:31 Shield Wall
44:00 Heavy Plow
44:11 Capped Ram
45:56 Elite Varangian Guard
BrokeMate
8:43 Loom
11:47 Feudal Age
17:12 Castle Age
15:45 Double-Bit Axe
21:43 Fletching
22:52 Man-at-Arms
29:05 Wheelbarrow
28:22 Horse Collar
29:28 Ballistics
29:40 Gold Mining
30:24 Padded Archer Armor
30:09 Pikeman
31:08 Bodkin Arrow
36:33 Thumb Ring
37:41 Leather Archer Armor
38:52 Hand Cart
42:46 Imperial Age
43:30 Bracer
45:09 Ring Archer Armor
Liangyu
2:32 Loom
13:48 Feudal Age
14:28 Double-Bit Axe
14:34 Town Watch
17:26 Castle Age
15:26 Fishing Lines
16:52 Fletching
17:46 Padded Archer Armor
17:33 Crossbowman
18:01 Horse Collar
19:45 Bodkin Arrow
21:21 Ballistics
33:32 Imperial Age
33:45 Arbalester
34:35 Bracer
37:38 Leather Archer Armor
41:09 Elite Skirmisher
43:27 Ring Archer Armor
44:42 Chemistry
44:20 Conscription
46:29 Masonry
乌合之众
8:48 Loom
11:35 Feudal Age
17:22 Castle Age
17:06 Forging
16:49 Double-Bit Axe
21:02 Bow Saw
25:44 Scale Barding Armor
27:46 Gold Mining
31:36 Chain Barding Armor
38:27 Imperial Age
36:33 Wheelbarrow
39:21 Gold Shaft Mining
39:22 Iron Casting
38:31 Onager
40:15 Plate Barding Armor
39:28 Cavalier
41:43 Blast Furnace
41:51 Blast Furnace
43:09 Paladin
Kaiser Ze
7:51 Loom
10:33 Feudal Age
12:21 Double-Bit Axe
16:15 Castle Age
14:50 Horse Collar
16:28 Gold Mining
16:57 Husbandry
17:16 Bloodlines
17:30 Scale Barding Armor
24:06 Heavy Plow
30:37 Forging
31:33 Chain Barding Armor
37:38 Wheelbarrow
39:23 Hand Cart
41:46 Imperial Age
39:55 Town Watch
41:12 Bow Saw
41:38 Gold Shaft Mining
40:54 Stone Mining
41:41 Iron Casting
41:45 Town Patrol
41:33 Cavalier
43:20 Caravan
43:55 Scale Mail Armor
44:55 Blast Furnace
44:33 Plate Barding Armor
44:03 Savar
45:23 Conscription
st9901544
8:31 Loom
11:00 Feudal Age
19:06 Castle Age
17:02 Fletching
17:14 Horse Collar
18:37 Padded Archer Armor
19:11 Bloodlines
19:17 Double-Bit Axe
20:16 Gold Mining
27:46 Scale Barding Armor
36:18 Heavy Plow
40:22 Imperial Age
39:25 Chain Barding Armor
40:52 Gold Shaft Mining
40:31 Cavalier
46:21 Plate Barding Armor
你可以打我队友吗
7:40 Loom
10:19 Feudal Age
10:59 Double-Bit Axe
15:29 Fletching
16:54 Horse Collar
21:54 Castle Age
21:18 Padded Archer Armor
21:57 Crossbowman
22:33 Bodkin Arrow
24:01 Gold Mining
24:53 Ballistics
28:12 Wheelbarrow
28:52 Leather Archer Armor
29:14 Bow Saw
36:18 Imperial Age
34:33 Gold Shaft Mining
35:53 Hand Cart
35:23 Town Watch
36:19 Arbalester
37:00 Bracer
38:12 Chemistry
36:53 Treadmill Crane
38:11 Conscription
39:20 Elite Longbowman
42:35 Caravan
43:06 Coinage
44:19 Yeomen
Connection lost

Rejoining the realm…

Still unreachable

The connection could not be restored.

Session expired

The server has moved on; the page needs a fresh start.